 Dungeon Crawl Stone Soup version 0.30-a0-1043-g60ff8d5f49 (webtiles) character file.

Game seed: 16183256440775337252

7 Esekla the Sneak (level 2, 11/21 HPs)
             Began as an Octopode Delver on Apr 9, 2023.
             Quit the game on level 5 of the Dungeon.
             The game lasted 00:01:43 (144 turns).

Esekla the Sneak (Octopode Delver)                   Turns: 144, Time: 00:01:44

Health: 11/21      AC:  1    Str: 11    XL:     2   Next: 4%
Magic:  2/2        EV: 13    Int: 12    God:
Gold:   20         SH:  0    Dex: 13    Spells: 1/1 levels left

rFire   . . .      SeeInvis .    a - +0 falchion
rCold   . . .      Faith    .    (no shield)
rNeg    . . .      Spirit   .    (helmet restricted)
rPois   .          Reflect  .    (no amulet)
rElec   .          Rampage  .    (no ring)
rCorr   .                        (no ring)
Will    .....                    (no ring)
Stlth   ++++                     (no ring)
HPRegen 0.23/turn                (no ring)
MPRegen 0.08/turn                (no ring)
                                 (no ring)
                                 (no ring)

@: no status effects
A: almost no armour, amphibious, 8 rings, camouflage 1, gelatinous body 1,
(nimble swimmer 1), tentacles
a: no special abilities


You were on level 5 of the Dungeon.
You visited 1 branch of the dungeon, and saw 1 of its levels.

You collected 20 gold pieces.

Inventory:

Hand Weapons
 a - a +0 falchion (weapon)
Wands
 f - a wand of digging (2)
 g - a wand of roots (8)
Scrolls
 b - a scroll of fog
 c - a scroll of magic mapping
 d - a scroll of fear
Potions
 e - a potion of haste


   Skills:
 + Level 3.0 Fighting
 + Level 2.0 Long Blades
 + Level 2.0 Dodging
 + Level 7.0 Stealth


You had one spell level left.
You didn't know any spells.
Your spell library was empty.

Dungeon Overview and Level Annotations

Branches:
Dungeon (5/15)
 Temple: D:4-7

Altars:
Fedhas

Shops:
D:5 ?


Innate Abilities, Weirdness & Mutations

You cannot wear most types of armour.
You are amphibious.
You can wear up to eight rings at the same time.
Your skin changes colour to match your surroundings (Stealth+).
Your rubbery body absorbs attacks. (AC +1, EV +1)
((You are camouflaged when in or above water. (Stealth+)))
You have tentacles for arms and can constrict up to eight enemies at once.


Message History

Found a scroll of magic mapping.
There is an open door here.
Found 11 gold pieces.
Found 9 gold pieces.
c - a scroll of magic mapping You now have 9 gold pieces.
You now have 20 gold pieces (gained 11).
You open the door.
There is an open door here.
There is an open door here.
There is an open door here.
Okay, then.
Found 6 atropa-tipped darts.
The helpless white imp fails to defend itself.
You hit the white imp. Your grab misses the white imp.
Your squeeze misses the white imp.
The white imp is moderately wounded.
The white imp gestures at you. The puff of frost hits you!
Ouch! That really hurt!
You barely miss the white imp. Your grab misses the white imp.
The white imp is moderately wounded.
The white imp misses you.
You closely miss the white imp. You grab the white imp.
The white imp is moderately wounded.
You constrict the white imp. The white imp closely misses you.
You hit the white imp.
The white imp is heavily wounded.
You constrict the white imp. The white imp hits you. The white imp freezes you.
* * * LOW HITPOINT WARNING * * *
You hit the white imp.
You kill the white imp!
Your Stealth skill increases to level 7!
You have reached level 2!
You see here 6 atropa-tipped darts.
You open the door.
Found Vycykh's Magic Scroll Emporium.
Found a stone staircase leading up.
There is an open door here.
There is an entrance to Vycykh's Magic Scroll Emporium here.
Are you sure you want to abandon this character and quit the game? (Confirm with "yes".)

#.....# #.....#
#.....#####
#.........##
########....###..#
..#...##....# ##'#
............# #.#
............# #.#
............#**#@#
.####(##...##*,+.#
.####.##....#*,+.#
...#........#**#<#
...#.......##,,#.#
...#...........#.#
...#...........#+#**
...##########...,,,*
...###.....##...,,,*


There were no monsters in sight!

Vanquished Creatures
  A white imp (D:5)
1 creature vanquished.

Notes
Turn   | Place    | Note
-------+----------+-------------------------------------------
     0 | D:5      | Esekla the Octopode Delver began the quest for the Orb.
     0 | D:5      | Reached XP level 1. HP: 16/16 MP: 1/1
     2 | D:5      | Found a blossoming altar of Fedhas.
   120 | D:5      | Reached skill level 7 in Stealth
   120 | D:5      | Reached XP level 2. HP: 6/21 MP: 2/2
   139 | D:5      | Found Vycykh's Magic Scroll Emporium.
   144 | D:5      | Quit the game

Illustrated notes

Levels and vault maps discovered:
D:5:      layout_gridville, nicolae_overflow_hidden_temple, serial_shops,
          nicolae_shop_hallway_stairs

Skill      XL: |  1 |
---------------+----+-----
Stealth        | 7 |  7.0
Fighting       | |  3.0
Long Blades    | |  2.0
Dodging        | |  2.0

Action                     || total
---------------------------++-------
  Melee: Falchion          ||     5
         Constrict         ||     1
  Evoke: Wand              ||     1
    Use: Scroll            ||     1
   Stab: Sleeping          ||     1
  Dodge: Dodged            ||     2

Table legend: (Time is in decaauts)
 A = Elapsed time spent in this place.
 B = Non-inter-level travel time spent in this place.
 C = Inter-level travel time spent in this place.
 D = Time resting spent in this place.
 E = Time spent auto-exploring this place.
 F = Levels seen in this place.
 G = Mean time per level.
                   A        B        C        D        E       F      G
               +--------+--------+--------+--------+--------+-----+--------+
         Total |    145 |    145 |      0 |      0 |      0 |   1 |  145.0 |
       Dungeon |    145 |    145 |      0 |      0 |      0 |   1 |  145.0 |
               +--------+--------+--------+--------+--------+-----+--------+

Top non-repeatable levels by time:
     D:5: 145 daAuts
